AoeStats
← Lucasavend

Nomad

510734283Analyzed
4v4 RM · 11h ago on Oct 2, 2026· 75m 58s· 8 players
Game mode
Random Map
Map size
231×231
Population
200
Speed
Normal
Resources
Standard
Victory
Conquest
Starting age
Dark Age
Ending age
Imperial Age
RankedLock teamsTeams togetherTeam positionsShared explorationLock speedFull tech treeHidden civsTurbo modeCheats
Victory
Defeat
🇨🇳 Burgundians · China
905
+9
🇵🇰 Varangians · Pakistan
857
+11
🇨🇳 Saracens · China
828
+12
🇨🇳 Lithuanians · China
501
+24
🇲🇽 Georgians · Mexico
787
-16
🇨🇳 Mongols · China
759
-15
🇨🇿 Vietnamese · Czechia
745
-15
🇦🇷 Jurchens · Argentina
635
-10
ostiinn
4:48 Loom
17:43 Feudal Age
22:20 Castle Age
20:13 Double-Bit Axe
20:34 Horse Collar
21:59 Wheelbarrow
23:57 Heavy Plow
24:13 Bow Saw
27:16 Stone Mining
27:16 Gold Mining
34:47 Imperial Age
33:54 Svan Towers
35:27 Fortified Wall
35:38 Ballistics
35:38 Aznauri Cavalry
37:07 Bloodlines
36:57 Husbandry
39:14 Chemistry
38:08 Town Watch
39:21 Elite Monaspa
40:15 Guard Tower
40:27 Murder Holes
40:55 Forging
41:14 Fletching
41:12 Arrowslits
41:56 Conscription
48:33 Bodkin Arrow
50:39 Bracer
61:05 Pikeman
61:47 Squires
62:48 Halberdier
Blitzo
4:41 Loom
16:16 Feudal Age
17:14 Double-Bit Axe
17:11 Horse Collar
22:58 Gold Mining
22:58 Stone Mining
28:19 Castle Age
26:34 Padded Archer Armor
26:29 Fletching
30:42 Thumb Ring
32:03 Bow Saw
32:44 Heavy Plow
32:58 Elite Skirmisher
33:36 Bodkin Arrow
34:52 Wheelbarrow
34:35 Town Watch
38:51 Leather Archer Armor
40:05 Ballistics
41:13 Hand Cart
45:41 Imperial Age
44:17 Scale Mail Armor
44:28 Forging
44:55 Pikeman
45:35 Squires
45:21 Arson
47:57 Chemistry
46:18 Imperial Skirmisher
49:30 Iron Casting
49:12 Chain Mail Armor
48:32 Halberdier
49:17 Bracer
49:47 Ring Archer Armor
51:52 Plate Mail Armor
54:42 Crop Rotation
56:29 Murder Holes
58:39 Light Cavalry
60:42 Bloodlines
60:32 Husbandry
63:19 Scale Barding Armor
Lucasavend
5:03 Loom
17:44 Feudal Age
19:43 Wheelbarrow
18:55 Town Watch
18:59 Double-Bit Axe
19:12 Gold Mining
19:50 Stone Mining
21:44 Horse Collar
25:50 Fishing Lines
32:37 Castle Age
34:14 Bow Saw
34:12 Heavy Plow
35:18 Hand Cart
36:27 Gold Shaft Mining
36:52 Stone Shaft Mining
38:35 Husbandry
41:11 Gillnets
41:54 Fortified Bastions
43:37 Bloodlines
44:57 Fletching
45:19 Forging
45:15 Scale Barding Armor
46:13 Ballistics
45:36 Treadmill Crane
46:07 Masonry
46:15 Murder Holes
49:34 Light Cavalry
51:23 Bodkin Arrow
52:05 Iron Casting
51:51 Chain Barding Armor
65:17 Padded Archer Armor
66:43 Leather Archer Armor
70:29 Medium Warships
75:53 Scale Mail Armor
ZLinzzz
19:54 Feudal Age
21:14 Wheelbarrow
20:26 Loom
21:01 Gold Mining
21:02 Stone Mining
21:21 Fishing Lines
25:38 Castle Age
24:27 Double-Bit Axe
24:27 Horse Collar
24:43 Fletching
24:54 Padded Archer Armor
26:53 Bow Saw
26:46 Gillnets
28:17 Hand Cart
30:41 Gold Shaft Mining
30:43 Stone Shaft Mining
30:02 Pikeman
30:45 Squires
30:32 Arson
32:05 Masonry
31:51 Murder Holes
33:54 Nomads
37:32 Imperial Age
35:18 Medium Warships
37:36 Forging
37:27 Scale Mail Armor
37:32 Scale Barding Armor
37:23 Bodkin Arrow
37:43 Leather Archer Armor
38:20 Elite Mangudai
39:21 Conscription
40:45 Iron Casting
40:25 Chain Mail Armor
40:30 Chain Barding Armor
40:39 Drill
58:08 Capped Ram
59:33 Siege Ram
60:57 Fortified Wall
61:09 Ballistics
61:50 Chemistry
61:09 Caravan
62:50 Onager
66:00 Elite Skirmisher
68:34 Siege Onager
69:14 Imperial Skirmisher
ZAKOTA | BRO
16:15 Feudal Age
16:43 Loom
20:20 Castle Age
19:06 Double-Bit Axe
20:04 Forging
20:54 Scale Barding Armor
21:08 Bloodlines
21:11 Light Cavalry
25:16 Iron Casting
26:51 Bow Saw
26:23 Horse Collar
26:59 Gambesons
27:36 Scale Mail Armor
30:09 Wheelbarrow
29:25 Arson
29:43 Squires
32:36 Chain Mail Armor
37:20 Hand Cart
42:00 Imperial Age
39:50 Husbandry
41:52 Chain Barding Armor
42:10 Capped Ram
43:13 Conscription
42:21 Elite Varangian Guard
44:17 Blast Furnace
43:07 Hussar
47:01 Siege Ram
50:10 Plate Mail Armor
50:15 Plate Barding Armor
52:43 Gothikon
59:38 Heavy Scorpion
62:15 Chemistry
62:40 Siege Engineers
62:20 Treadmill Crane
63:00 Ballistics
62:52 Caravan
CCxK3
3405514463
9:46 Double-Bit Axe
10:07 Horse Collar
13:31 Wheelbarrow
16:22 Feudal Age
20:12 Castle Age
18:34 Bow Saw
18:48 Heavy Plow
21:18 Gold Mining
22:37 Two-Man Saw
21:33 Cavalier
26:20 Gold Shaft Mining
25:42 Stone Mining
28:54 Hand Cart
28:54 Husbandry
30:37 Loom
33:28 Imperial Age
30:44 Town Watch
31:40 Crop Rotation
31:17 Treadmill Crane
31:48 Scale Barding Armor
33:12 Burgundian Vineyards
33:20 Forging
33:34 Chain Barding Armor
33:41 Paladin
35:07 Plate Barding Armor
36:32 Iron Casting
37:06 Ballistics
36:13 Elite Skirmisher
39:30 Blast Furnace
38:32 Padded Archer Armor
56:53 Leather Archer Armor
57:41 Chemistry
56:37 Fletching
58:32 Bodkin Arrow
59:02 Masonry
61:21 Bracer
62:20 Architecture
64:48 Conscription
68:16 Light Cavalry
75:34 Town Patrol
HBNUVHTFGHYHUGY
14:06 Loom
17:03 Feudal Age
22:31 Castle Age
22:34 Double-Bit Axe
22:31 Horse Collar
27:49 Wheelbarrow
27:49 Bow Saw
30:16 Heavy Plow
30:39 Stone Mining
32:51 Hand Cart
32:41 Gold Mining
34:10 Gold Shaft Mining
38:26 Imperial Age
37:19 Ballistics
37:10 Husbandry
37:20 Bloodlines
38:31 Elite Mameluke
39:33 Conscription
40:18 Chemistry
40:29 Onager
41:20 Scale Barding Armor
41:28 Forging
44:55 Chain Barding Armor
45:11 Iron Casting
47:43 Siege Engineers
50:12 Plate Barding Armor
50:37 Blast Furnace
49:14 Siege Onager
50:59 Caravan
54:12 Plate Barding Armor
57:25 Blast Furnace
Connection lost

Rejoining the realm…

Still unreachable

The connection could not be restored.

Session expired

The server has moved on; the page needs a fresh start.